 Dungeon Crawl Stone Soup version 0.31.0-12-g77e489cdc1 (webtiles) character file.

Game seed: 7247942297475035523

1424460 James the Acrobat (level 27, 143/227 (233) HPs)
             Began as a Merfolk Summoner on Feb 19, 2024.
             Was the Champion of Elyvilon.
             Escaped with the Orb
             ... and 3 runes on Feb 22, 2024!
             The game lasted 06:47:47 (111230 turns).

James the Acrobat (Merfolk Summoner)              Turns: 111230, Time: 06:47:48

HP:   143/227 (233) AC: 33    Str: 14    XL:     27
MP:   28/41         EV: 25    Int: 35    God:    Elyvilon [******]
Gold: 5676          SH: 36    Dex: 16    Spells: 12/55 levels left

rFire   + . .        a - +5 trident "Plog" {freeze, rElec Will+ Int+3}
rCold   + + .        e - +8 tower shield {rPois}
rNeg    + . .        Q - +7 steam dragon scales of Quick Leaves {rC++}
rPois   +            U - +2 helmet {Int+3}
rElec   +            G - +1 cloak "Ipianapn" {Int+2}
rCorr   .            S - +1 pair of gloves
SInv    .            w - +3 pair of seven-league boots {Rampage+∞}
Will    +++..        M - amulet of reflection
Stlth   +            i - ring "Gogh" {rN+ AC+4 Int+6}
HPRegen 0.57/turn    F - ring "Norch" {Fly rF+ Slay+2}
MPRegen 0.27/turn

%: reflection, rampage+∞
@: flying, studying 3 skills, lightly drained
A: (nimble swimmer 2), mertail, iridescent scales 1, wild magic 1, MP-powered
wands
0: Orb of Zot
}: 3/15 runes: serpentine, barnacled, silver
a: Renounce Religion, Purification, Heal Other, Heal Self, Divine Vigour


You escaped.
You worshipped Elyvilon.
Elyvilon was exalted by your worship.
You visited 11 branches of the dungeon, and saw 51 of its levels.
You also visited: Bailey and Desolation.

You collected 12008 gold pieces.
You spent 6332 gold pieces at shops.

Inventory:

Hand Weapons
 a - the +5 trident "Plog" (weapon) {freeze, rElec Will+ Int+3}
   (You bought it in a shop on level 1 of the Dungeon)

   Int+3:     It affects your intelligence (+3).
   rElec:     It insulates you from electricity.
   Will+:     It increases your willpower.
 b - the +8 sling "Sofal" {elec, Will++ Str-3 Int+2 Stlth+}
   (You took it off a naga on level 4 of the Snake Pit)

   Str-3:     It affects your strength (-3).
   Int+2:     It affects your intelligence (+2).
   Will++:    It greatly increases your willpower.
   Stlth+:    It makes you more stealthy.
 t - a +9 trident of electrocution
   (You took it off a salamander on level 4 of the Snake Pit)
Missiles
 y - 5 darts of dispersal (quivered) {!f}
 B - 5 throwing nets {!f}
 L - 27 boomerangs
Armour
 e - a +8 tower shield of poison resistance (worn)
   (You took it off a naga warrior on level 4 of the Snake Pit)
 w - the +3 pair of seven-league boots (worn) {Rampage+∞}
   (You found it in a bailey)

   Rampage+∞: When moving toward enemies, its wearer moves as far as possible,
   alerting their target en route.
 G - the +1 cloak "Ipianapn" (worn) {Int+2}
   (You found it on level 3 of the Crypt)

   Int+2:     It affects your intelligence (+2).
 Q - the +7 steam dragon scales of Quick Leaves (worn) {rC++}
   (You bought it in a shop on level 3 of the Shoals)

   rC++:      It greatly protects you from cold.
 S - a +1 pair of gloves (worn)
   (You bought it in a shop on level 3 of the Snake Pit)
 U - a +2 helmet of intelligence (worn)
   (You bought it in a shop on level 3 of the Shoals)
Jewellery
 i - the ring "Gogh" (left hand) {rN+ AC+4 Int+6}
   (You bought it in a shop on level 3 of the Shoals)

   [ring of protection]

   AC+4:      It affects your AC (+4).
   Int+6:     It affects your intelligence (+6).
   rN+:       It protects you from negative energy.
 j - a +5 ring of evasion
   (You took it off a skeletal warrior on level 3 of the Crypt)
 o - the ring "Dyimugos" {rF+ rC+}
   (You took it off a deep elf high priest on level 3 of the Elven Halls)

   [ring of protection from fire]

   rF+:       It protects you from fire.
   rC+:       It protects you from cold.
 z - a ring of see invisible
   (You found it on level 2 of the Realm of Zot)
 C - the ring of the Gnashing Gods {Will- rCorr EV+5 Slay+6 SInv}
   (You took it off Boris on level 2 of the Depths)

   [ring of evasion]

   EV+5:      It affects your evasion (+5).
   Slay+6:    It affects your accuracy & damage with ranged weapons and melee
   (+6).
   Will-:     It decreases your willpower.
   SInv:      It lets you see invisible.
   rCorr:     It protects you from acid and corrosion.
 F - the ring "Norch" (right hand) {Fly rF+ Slay+2}
   (You took it off an imperial myrmidon in the Desolation of Salt)

   [ring of protection from fire]

   Slay+2:    It affects your accuracy & damage with ranged weapons and melee
   (+2).
   rF+:       It protects you from fire.
   Fly:       It grants you flight.
 M - an amulet of reflection (around neck)
   (You found it on level 9 of the Dungeon)
 N - the ring of Wasm {rPois rCorr}
   (You bought it in a shop on level 3 of the Shoals)

   [ring of resist corrosion]

   rPois:     It protects you from poison rCorr: It protects you from acid and
   corrosion.
 T - the ring of Vagiss {Wiz rF- Will++ rCorr}
   (You took it off a skeletal warrior on level 3 of the Crypt)

   [ring of wizardry]

   Wiz:       It improves your spell success rate.
   rF-:       It makes you vulnerable to fire.
   Will++:    It greatly increases your willpower.
   rCorr:     It protects you from acid and corrosion.
 Z - a ring of willpower
   (You took it off Erica on level 8 of the Dungeon)
Wands
 d - a wand of iceblast (34)
   (You found it on level 3 of the Dungeon)
 u - a wand of paralysis (36)
   (You took it off a centaur on level 7 of the Dungeon)
 v - a wand of digging (19)
   (You found it on level 4 of the Dungeon)
 I - a wand of quicksilver (52)
   (You found it on level 4 of the Dungeon)
 V - a wand of polymorph (37)
   (You took it off Dowan on level 5 of the Dungeon)
Scrolls
 g - a scroll of butterflies {unknown}
 k - 23 scrolls of teleportation {@r4}
 m - 5 scrolls of blinking
 s - 7 scrolls of fog
 D - 3 scrolls of revelation
 R - 6 scrolls of immolation {!r}
 W - 14 scrolls of fear
Potions
 c - 7 potions of might
 f - 3 potions of ambrosia
 h - 3 potions of resistance
 n - 11 potions of curing {@q1}
 p - 10 potions of brilliance
 q - 11 potions of magic
 r - 2 potions of cancellation
 x - 9 potions of heal wounds {@q2}
 A - 7 potions of invisibility
 E - 6 potions of haste {@q3}
 K - 10 potions of berserk rage
 O - 7 potions of enlightenment
 X - 3 potions of mutation {!q}
Miscellaneous
 l - a lightning rod (4/4) {!a}
   (You found it on level 3 of the Lair of Beasts)
 H - a phial of floods
   (You found it on level 13 of the Dungeon)
 J - a box of beasts
   (You found it on level 1 of the Snake Pit)
 P - a phantom mirror
   (You found it on level 3 of the Shoals)
 Y - a condenser vane
   (You found it in the Desolation of Salt)


   Skills:
 + Level 22.8 Fighting
 - Level 18.0 Polearms
 - Level 12.0 Armour
 + Level 23.1 Dodging
 - Level 3.0 Stealth
 + Level 21.7 Shields
 + Level 14.9 Spellcasting
 - Level 5.0 Hexes
 * Level 21.4 Summonings
 + Level 9.4 Translocations
 - Level 2.0 Fire Magic
 - Level 8.0 Air Magic
 + Level 15.3 Invocations


You had 12 spell levels left.
You knew the following spells:

 Your Spells              Type           Power      Damage    Failure   Level
a - Monstrous Menagerie   Summ           62%        N/A       1%          7
b - Summon Cactus Giant   Summ           62%        N/A       1%          6
c - Call Canine Familiar  Summ           100%       N/A       1%          3
d - Summon Blazeheart Go  Fire/Summ      96%        N/A       1%          4
e - Summon Forest         Summ/Tloc      54%        N/A       1%          5
f - Summon Hydra          Summ           62%        N/A       1%          7
g - Blink                 Tloc           100%       N/A       1%          2
w - Summon Mana Viper     Hex/Summ       100%       N/A       1%          5
z - Summon Lightning Spi  Summ/Air       100%       N/A       1%          4

Your spell library contained the following spells:

 Spells                   Type           Power      Damage    Failure   Level
 Apportation              Tloc           100%       N/A       1%          1
 Summon Small Mammal      Summ           100%       N/A       1%          1
 Call Imp                 Summ           100%       N/A       1%          2
 Jinxbite                 Hex            100%       N/A       1%          2
 Mercury Vapours          Alch/Air       100%       N/A       1%          2
 Momentum Strike          Conj/Tloc      100%       3d10      1%          2
 Gell's Gravitas          Tloc           88%        N/A       1%          3
 Summon Ice Beast         Ice/Summ       93%        N/A       1%          3
 Teleport Other           Tloc           88%        N/A       1%          3
 Animate Armour           Summ/Erth      100%       N/A       1%          4
 Vhi's Electric Charge    Tloc/Air       100%       N/A       1%          4
 Cigotuvi's Dreadful Rot  Necr/Alch/Air  100%       N/A       2%          2
 Sigil of Binding         Hex            68%        N/A       2%          3
 Tukima's Dance           Hex            68%        N/A       2%          3
 Dimensional Bullseye     Hex/Tloc       39%        N/A       2%          4
 Foxfire                  Conj/Fire      100%       2x1d9     3%          1
 Scorch                   Fire           100%       2d9       3%          2
 Magic Dart               Conj           100%       1d8       4%          1
 Necrotise                Necr           100%       1d9       4%          1
 Sandblast                Erth           68%        2d15      4%          1
 Sting                    Conj/Alch      100%       1d9       4%          1
 Mephitic Cloud           Conj/Alch/Air  55%        N/A       4%          3
 Dazzling Flash           Conj/Hex       100%       N/A       5%          3
 Cause Fear               Hex            34%        N/A       6%          4
 Sublimation of Blood     Necr           34%        N/A       7%          2
 Silence                  Hex/Air        37%        N/A       9%          5
 Frozen Ramparts          Ice            68%        1d11      13%         3
 Hailstorm                Conj/Ice       34%        3d8       13%         3
 Ozocubu's Armour         Ice            34%        N/A       13%         3
 Passwall                 Erth           34%        N/A       13%         3
 Stone Arrow              Conj/Erth      68%        3d11      13%         3
 Dispersal                Tloc           44%        N/A       13%         6
 Arcjolt                  Conj/Air       31%        1d41      21%         5
 Flame Wave               Conj/Fire      43%        2d11      26%         4
 Ignite Poison            Fire/Alch      43%        N/A       26%         4
 Brom's Barrelling Bould  Conj/Erth      34%        2d5       34%         4
 Leda's Liquefaction      Alch/Erth      17%        N/A       34%         4
 Olgreb's Toxic Radiance  Alch           34%        N/A       34%         4
 Petrify                  Alch/Erth      34%        N/A       34%         4
 Freezing Cloud           Conj/Ice/Air   27%        6-21      34%         5
 Metabolic Englaciation   Hex/Ice        27%        N/A       34%         5
 Spellforged Servitor     Conj/Summ      46%        N/A       36%         7
 Dragon's Call            Summ           62%        N/A       47%         9
 Fireball                 Conj/Fire      21%        3d10      54%         5
 Plasma Beam              Fire/Air       34%        2x1d47    56%         6
 Alistair's Intoxication  Alch           22%        N/A       67%         5
 Borgnjor's Vile Clutch   Necr/Erth      17%        N/A       67%         5
 Curse of Agony           Necr           34%        N/A       67%         5
 Irradiate                Conj/Alch      17%        3d17      67%         5
 Iskenderun's Battlesphe  Conj           34%        2d9       67%         5
 Lee's Rapid Deconstruct  Erth           17%        3d10*     67%         5
 Conjure Ball Lightning   Conj/Air       31%        3x3d10    71%         6
 Starburst                Conj/Fire      21%        6d7       97%         6
 Bombard                  Conj/Erth      17%        9d3       99%         6
 Eringya's Noxious Bog    Alch           17%        4d6       99%         6
 Sculpt Simulacrum        Ice/Alch       17%        N/A       99%         6
 Orb of Destruction       Conj           17%        9d7       100%        7
 Ozocubu's Refrigeration  Ice            17%        4d11      100%        7
 Discord                  Hex            34%        N/A       100%        8
 Maxwell's Capacitive Co  Air            41%        ∞         100%        8
 Chain Lightning          Conj/Air       31%        3d42      100%        9
 Fire Storm               Conj/Fire      21%        8d6       100%        9
 Polar Vortex             Ice            17%        12d2*     100%        9
 Shatter                  Erth           17%        3d16*     100%        9


Dungeon Overview and Level Annotations

Branches:
Dungeon (15/15)            Temple (1/1) D:7            Lair (5/5) D:11
 Shoals (4/4) Lair:3        Snake (4/4) Lair:2        Slime (0/5) Lair:5
    Orc (2/2) D:10            Elf (3/3) Orc:2        Vaults (5/5) D:13
  Crypt (3/3) Vaults:2       Tomb (0/3) Crypt:3      Depths (4/4) D:15
    Zot (5/5) Depths:4     Bailey (visited)         Desolation (visited)

Altars:
Ashenzari
Cheibriados
Dithmenos
Elyvilon
Fedhas
Gozag
Hepliaklqana
Kikubaaqudgha
Makhleb
Nemelex Xobeh
Okawaru
Qazlal
Ru
Sif Muna
Trog
Uskayaw
Vehumet
Wu Jian
Xom
Yredelemnul
Zin
The Shining One
Lugonu

Shops:
D:1 (   D:4 *   D:6 (   D:10 ([   Orc:2 *(!=!   Elf:2 =([:   Shoals:3 ![=([
Snake:3 [   Vaults:2 (   Vaults:4 [   Depths:1 (

Portals:
Hell: Depths:1 Depths:2 Depths:3 Depths:4
Abyss: Depths:1 Depths:2 Depths:3 Depths:4
Pandemonium: Depths:2 Depths:4
Ziggurat: Depths:2

Annotations:
D:11 2 transporters
Lair:5 exclusion: 2 oklob plants
Elf:2 5 runed translucent doors, exclusion: 5 doors
Crypt:3 3 runed translucent doors, exclusion: 3 doors, Ciwiv's ghost, veteran FoFi
Zot:2 5 transporters
Zot:5 2 transporters, dvd2's ghost, veteran SpDe


Innate Abilities, Weirdness & Mutations

((You are very nimble when in or above water. (Stealth+, EV+, Speed+++)))
Your lower body shifts to a powerful aquatic tail in water.
You are partially covered in iridescent scales. (AC +2)
Your spells are a little harder to cast, but a little more powerful.
You expend magic power (3 MP) to strengthen your wands.


Message History

The Tzitzimitl dies!
A root smacks something from below!
Reactivating autopickup.
You feel a bit more experienced.
Your snaplasher vine falls limply to the ground.
Your snaplasher vine grabs the blizzard demon.
Your snaplasher vine hits the blizzard demon.
Your snaplasher vine constricts the blizzard demon.
Your snaplasher vine loses its grip on the blizzard demon.
The vine drags the blizzard demon backwards!
Your snaplasher vine grabs the blizzard demon.
Your snaplasher vine hits the blizzard demon but does no damage.
Your snaplasher vine constricts the blizzard demon.
You swap places.
The vine drags the blizzard demon backwards!
Your snaplasher vine hits the blizzard demon.
Your snaplasher vine constricts the blizzard demon.
You feel roots moving beneath the ground.
A tree reaches out and hits the blizzard demon!
A root smacks the blizzard demon from below!!
Your snaplasher vine falls limply to the ground.
The blizzard demon gestures at you.
The bolt of cold hits your snaplasher vine!!
Your snaplasher vine is destroyed!
The bolt of cold hits your dryad!!
Your snaplasher vine hits the blizzard demon.
Your snaplasher vine constricts the blizzard demon.
Your dryad is engulfed in freezing vapours.
The blizzard demon struggles to escape constriction.
Your snaplasher vine hits the blizzard demon.
Your snaplasher vine constricts the blizzard demon.
You feel a bit more experienced.
Your snaplasher vine is engulfed in freezing vapours.
You feel roots moving beneath the ground.
Your mana viper is no longer moving slowly.
Trunks creak and shift.
You feel yourself speed up.
The trees move their gnarly branches around.
The forest calms down.
Your mana viper disappears in a puff of smoke!
Press: ? - help, Shift-Dir - straight line A rock wall.
This square is covered in magical glow.
You feel a surge of power!
The rock shatters into small pieces.
Space becomes stable.
Your dryad disappears in a puff of smoke!
There is a staircase leading out of the dungeon here.
You can't go down here!
Unknown command.
You have escaped!

.......####.........#
............#.......#
............#.......#############
............#.##....#......>.....
.........>..#.##....#############
............#......## ######
.......##.###.####.# ##.....
####..###.# #.#....# ##......
##.....# ###.@.### #.......
####..####....#.######.♣.♣...
#....##.####.#...........♣
###.###............)......
#.##....##.#............
#.##....##.#........♣..R
#.##.......###.###..♣...
#.##.......###.###♣.....
#.##.....)..##.#..♣.....


There were no monsters in sight!

Vanquished Creatures
  A dread lich (Zot:5)
  An ancient lich (Crypt:3)
  An orb of fire (Zot:4)
  Josephina (Depths:4)
  6 Killer Klowns
  Bai Suzhen (Elf:3)
  Vashnia (Snake:3)
  A curse toe (Zot:5)
  A caustic shrike (Depths:3)
  4 golden dragons
  A bone dragon (Crypt:3)
  3 liches
  5 tentacled monstrosities
  8 Orb Guardians
  2 deep elf master archers (Elf:3)
  2 quicksilver dragons
  5 death cobs
  A kraken (Shoals:2)
  2 titans
  3 ancient champions
  Frances (D:14)
  Polyphemus (Shoals:4)
  3 storm dragons
  Kirke (D:13)
  3 tengu reavers
  4 shadow dragons
  A revenant (Crypt:2)
  2 protean progenitors
  4 draconian monks
  A draconian knight (Zot:5)
  2 frost giants
  2 draconian scorchers (Zot:1)
  5 fire giants
  2 nagarajas
  4 draconian shifters
  4 ghost moths
  2 curse skulls
  2 deep elf sorcerers
  5 vault wardens
  3 ghouls
  2 iron dragons (Vaults:5)
  A draconian stormcaller (Zot:3)
  3 ironbound preservers (Vaults:5)
  A vampire knight (Depths:3)
  2 spriggan defenders (Depths:3)
  7 very ugly things
  2 draconian annihilators
  A demonspawn blood saint (D:6)
  A formless jellyfish (Vaults:1)
  10 stone giants
  5 deep elf death magi
  4 deep elf demonologists
  3 ironbound thunderhulks
  4 purple draconians
  3 green draconians
  2 dire elephants
  4 red draconians
  6 deep elf annihilators
  A pale draconian (Depths:4)
  4 spark wasps
  5 white draconians
  3 yellow draconians
  5 black draconians
  A merfolk javelineer (Shoals:3)
  4 crystal guardians
  3 jiangshi
  2 fire dragons
  7 yaktaur captains
  Snorg (D:11)
  4 ettins
  An entropy weaver (Vaults:5)
  A green death (Zot:2)
  2 merfolk impalers
  4 deep elf high priests
  A great orb of eyes (Zot:4)
  2 ragged hierophants (Desolation)
  5 ironbound frosthearts
  A hell beast (Depths:4)
  8 vault guards
  2 ogre magi
  8 servants of whispers (Desolation)
  2 hydras
  2 ice dragons
  3 centaur warriors (Vaults:3)
  5 peacekeepers
  8 salamander tyrants (Snake:4)
  2 spriggan skeletons (Crypt:3)
  2 anacondas
  A radroach (Zot:1)
  Erica (D:8)
  3 catoblepae
  2 merfolk avatars
  7 dancing weapons
  2 satyrs (Shoals:3)
  5 two-headed ogres
  2 alligator snapping turtles
  4 merfolk aquamancers
  2 death knights
  5 boulder beetles
  3 tengu warriors
  10 death yaks
  6 naga sharpshooters
  9 naga warriors
  An occultist (Elf:1)
  3 orc high priests
  9 shock serpents
  2 spriggan berserkers (Depths:3)
  2 soul eaters (Crypt:2)
  2 deep troll shamans (Depths:2)
  3 vampire magi
  7 deep elf knights
  4 hell knights (Depths:1)
  A sun demon (D:7)
  22 skeletal warriors
  2 iron trolls
  2 sixfirhies
  4 skysharks
  10 deep trolls
  A naga ritualist (Snake:3)
  3 salamander mystics
  3 flayed ghosts
  An orb spider (shapeshifter) (Vaults:5)
  9 sea snakes
  A swamp dragon (shapeshifter) (Depths:3)
  An arcanist (D:13)
  An orange crystal statue (Depths:3)
  A glowing orange brain (D:14)
  A golden dragon skeleton (Crypt:3)
  7 deep elf archers
  2 lindwurms
  2 bog bodies
  5 ironbound convokers
  13 mana vipers
  A kraken simulacrum (Shoals:4)
  3 phantasmal warriors
  14 ugly things
  The ghost of HourglassMan the Cleaver, a novice HOMo (D:6)
  A frost giant zombie (Crypt:3)
  11 deep elf zephyrmancers
  A wolf spider (D:15)
  11 harpies
  3 orc knights
  An anaconda skeleton (Crypt:3)
  A sphinx simulacrum (Depths:1)
  A cyclops (Shoals:3)
  3 necromancers
  A cyclops (shapeshifter) (Vaults:5)
  8 fauns
  13 deep elf pyromancers
  3 orc sorcerers
  9 salamanders
  7 manticores
  2 kobold blastminers (Orc:2)
  22 moths of wrath
  5 vault sentinels
  26 black mambas
  An iron dragon skeleton (Crypt:3)
  3 merfolk sirens
  13 elephants
  4 guardian serpents
  7 naga magi
  6 water nymphs
  A water nymph (shapeshifter) (Vaults:5)
  A stone giant skeleton (Crypt:3)
  A human zombie (Vaults:4)
  5 cane toads
  2 torpor snails
  A yaktaur zombie (Vaults:4)
  A rime drake (shapeshifter) (Vaults:5)
  3 centaur skeletons (Crypt:3)
  Maggie (Lair:1)
  2 kobold demonologists
  A hellion (Depths:4)
  An unseen horror (D:10)
  3 gargoyles
  A swamp worm zombie (Crypt:2)
  2 tengu conjurers (D:15)
  3 rime drakes
  8 komodo dragons
  12 yaktaurs
  A black draconian skeleton (Crypt:2)
  An unseen horror zombie (D:6)
  A troll (D:13)
  3 polar bears
  A queen bee (Zot:1)
  4 wind drakes
  An elf simulacrum (Vaults:4)
  15 merfolk
  A hydra skeleton (Crypt:3)
  4 harpy skeletons
  2 hornets
  33 saltlings (Desolation)
  5 snapping turtles
  Prince Ribbit (D:5)
  An iron dragon simulacrum (Depths:4)
  6 dream sheep
  12 blink frogs
  5 wraiths
  An ice dragon skeleton (Crypt:2)
  20 slime creatures
  A spriggan (Depths:3)
  14 water elementals
  3 shadows
  3 wyverns
  An ettin skeleton (Crypt:3)
  41 yaks
  Grum (D:11)
  2 wargs
  4 hogs
  2 basilisks
  A fire elemental (Elf:2)
  A steam dragon (Depths:4)
  2 redbacks (Vaults:5)
  20 nagas
  A tengu zombie (Depths:1)
  A fire bat skeleton (Crypt:2)
  5 acid dragons
  6 water moccasins
  3 black bears
  7 orc warriors
  4 wolves
  A boggart (Elf:1)
  24 laughing skulls
  10 centaurs
  A sky beast (D:7)
  6 ogres
  8 kobold brigands
  11 bullfrogs
  2 gnoll sergeants
  6 earth elementals
  A necrophage (Crypt:3)
  A komodo dragon skeleton (Crypt:2)
  A scorpion (D:5)
  2 wights (D:9)
  Dowan (D:5)
  A yak zombie (Crypt:1)
  9 killer bees
  A swamp dragon simulacrum (Crypt:1)
  An electric eel (Lair:1)
  8 wolf zombies (Bailey)
  6 howler monkeys
  4 nameless horrors
  8 vampire bats (Bailey)
  15 orc priests
  A bombardier beetle (D:4)
  3 hounds
  Crazy Yiuf (D:3)
  A jelly (D:6)
  A sleepcap (D:7)
  3 iguanas
  22 orc wizards
  Natasha (thrice) (D:2)
  A boggart skeleton (Crypt:2)
  A centaur simulacrum (D:6)
  16 gnolls
  10 adders
  A shadow imp (D:9)
  A steam dragon skeleton (Crypt:2)
  A white imp (D:5)
  A ribbon worm (D:3)
  48 orcs
  7 ball pythons
  2 bats
  3 endoplasms
  A giant cockroach (D:4)
  4 goblins
  6 hobgoblins
  12 jackals
  3 quokkas
  3 frilled lizards
  A gnoll skeleton (Crypt:3)
  A hobgoblin skeleton (Crypt:1)
  34 kobolds
  5 kobold skeletons (D:9)
  10 kobold zombies (D:9)
  17 orc zombies (Bailey)
  4 rats
  2 tentacles (Shoals:2)
1279 creatures vanquished.

Vanquished Creatures (collateral kills)
  2 dread liches
  2 orbs of fire
  2 ancient liches
  A juggernaut (Depths:4)
  Sojobo (Depths:4)
  Xtahua (Depths:3)
  Boris (Depths:2)
  7 Killer Klowns
  5 caustic shrikes
  Saint Roka (Snake:3)
  A curse toe (Zot:5)
  6 golden dragons
  A bone dragon (Crypt:3)
  A shard shrike zombie (Crypt:3)
  A Brimstone Fiend (D:6)
  2 electric golems (Zot:5)
  12 tentacled monstrosities
  A Tzitzimitl (D:1)
  Zenata (Elf:2)
  17 Orb Guardians
  2 liches (Crypt:3)
  2 deep elf blademasters (Elf:3)
  A walking earthen tome (Depths:3)
  7 quicksilver dragons
  2 titans (Vaults:5)
  4 sphinxes
  6 ancient champions
  5 death cobs
  A kraken (Shoals:2)
  9 shadow dragons
  5 storm dragons
  5 tengu reavers
  3 nagarajas (Snake:4)
  3 draconian monks (Zot:5)
  2 draconian knights
  4 draconian shifters
  3 deep elf sorcerers (Elf:3)
  3 frost giants
  7 protean progenitors
  2 fire giants
  3 imperial myrmidons (Desolation)
  Louise (Elf:1)
  A balrug (D:6)
  2 deep elf elementalists (Elf:3)
  A ghost moth (Zot:5)
  An iron dragon (Vaults:5)
  5 draconian scorchers
  7 vault wardens
  2 caustic shrike zombies
  3 curse skulls
  5 ghouls
  2 ironbound thunderhulks
  3 draconian annihilators (Zot:5)
  9 ironbound preservers
  3 draconian stormcallers (Zot:5)
  4 formless jellyfish
  5 stone giants
  4 vampire knights
  4 deep elf demonologists
  9 very ugly things
  A lorocyproca (D:1)
  5 deep elf annihilators
  7 red draconians
  6 black draconians
  7 green draconians
  5 deep elf death magi
  6 yellow draconians
  A pale draconian (Depths:4)
  6 dire elephants
  5 war gargoyles
  7 spark wasps
  A halazid warlock (Desolation)
  8 purple draconians
  6 white draconians
  4 eidola
  A blizzard demon (D:1)
  11 crystal guardians
  6 ettins
  A merfolk impaler (Shoals:4)
  A green death (D:7)
  4 fire dragons
  A merfolk javelineer (Shoals:4)
  A jiangshi (Vaults:2)
  An entropy weaver (shapeshifter) (Elf:1)
  3 great orbs of eyes
  3 yaktaur captains
  4 rakshasas
  6 ragged hierophants (Desolation)
  An ice dragon (shapeshifter) (Vaults:2)
  A spriggan skeleton (Crypt:3)
  11 peacekeepers
  20 vault guards
  2 ogre magi (Vaults:5)
  3 deep elf high priests
  A merfolk avatar (Shoals:4)
  4 ice dragons
  2 hydras
  6 servants of whispers (Desolation)
  A quicksilver dragon skeleton (Crypt:3)
  A boulder beetle (Lair:2)
  An alligator snapping turtle (Shoals:3)
  7 centaur warriors (Vaults:3)
  3 death knights
  3 radroaches (Zot:1)
  2 catoblepae
  5 deep troll shamans
  A merfolk aquamancer (Shoals:3)
  5 anacondas
  2 ironbound frosthearts (Vaults:3)
  4 naga warriors
  6 death yaks
  4 two-headed ogres
  8 dancing weapons
  A tengu warrior (Depths:3)
  2 vampire magi
  A titan zombie (Crypt:1)
  7 deep troll earth magi
  Urug (Lair:1)
  An orc high priest (Orc:2)
  7 naga sharpshooters
  2 deep elf knights
  A titan skeleton (Crypt:3)
  5 soul eaters
  3 hell knights (Depths:1)
  A skyshark (Shoals:2)
  3 iron trolls
  A quicksilver dragon simulacrum (Depths:4)
  A shadow wraith (Crypt:3)
  3 salamander mystics (Snake:4)
  5 bog bodies (Crypt:3)
  37 deep trolls
  A golden dragon zombie (Depths:1)
  4 arcanists
  4 sea snakes
  A glowing orange brain (shapeshifter) (Depths:2)
  43 skeletal warriors
  2 mana vipers
  4 naga ritualists
  A swamp dragon (shapeshifter) (Vaults:5)
  An orange crystal statue (Zot:5)
  11 deep elf archers
  A shadow dragon zombie (Depths:1)
  2 flayed ghosts
  5 harpies (Shoals:4)
  5 lindwurms
  18 ironbound convokers
  6 phantasmal warriors
  16 deep elf pyromancers
  A sphinx simulacrum (Depths:4)
  5 orc knights
  A frost giant zombie (Depths:1)
  9 deep elf zephyrmancers
  7 necromancers
  A fire giant zombie (Crypt:3)
  A tengu skeleton (Depths:1)
  A faun (Shoals:2)
  2 shadow dragon skeletons
  A manticore (Lair:5)
  A faun (shapeshifter) (Depths:1)
  4 cyclopes
  An orc sorcerer (Orc:2)
  18 ugly things
  A stone giant zombie (Crypt:1)
  8 salamanders
  A merfolk siren (Shoals:3)
  8 elephants
  9 guardian serpents
  10 moths of wrath
  15 black mambas
  A centaur skeleton (Crypt:2)
  A kobold blastminer (Orc:2)
  A smoke demon (Depths:4)
  9 naga magi
  8 vault sentinels
  6 cane toads
  2 white draconian zombies
  2 komodo dragons
  2 dire elephant skeletons (Crypt:3)
  5 freezing wraiths
  19 yaktaurs
  An ice devil (Zot:2)
  2 trolls
  7 merfolk
  3 queen bees (Zot:1)
  A wind drake (Shoals:3)
  2 hydra skeletons
  6 blink frogs
  64 saltlings (Desolation)
  2 iron dragon simulacra (Depths:4)
  6 dream sheep
  A raiju (Snake:4)
  A dream sheep (shapeshifter) (D:15)
  6 snapping turtles
  3 slime creatures
  5 wraiths
  15 yaks
  A culicivora (Vaults:5)
  2 basilisks
  2 water elementals (Shoals:4)
  A vampire (Bailey)
  A fire elemental (Elf:1)
  A warg (D:10)
  2 hogs
  3 steam dragons
  2 redbacks (Vaults:5)
  18 nagas
  5 water moccasins
  Duvessa (D:5)
  14 orc warriors
  A glowing shapeshifter skeleton (Depths:1)
  16 laughing skulls
  A black bear (Lair:1)
  4 boggarts (Vaults:1)
  3 ogres
  A spriggan simulacrum (Depths:1)
  3 wolves
  3 centaurs (D:10)
  2 elf zombies
  4 bullfrogs
  A gnoll sergeant (D:9)
  A glowing shapeshifter simulacrum (Depths:1)
  3 necrophages
  A water moccasin zombie (Crypt:1)
  A scorpion (D:11)
  An earth elemental (Elf:3)
  A yaktaur skeleton (Crypt:3)
  2 wights (D:9)
  A killer bee (D:9)
  3 nameless horrors
  9 orc priests
  9 orc wizards
  A sky beast zombie (Crypt:1)
  3 orc zombies (Bailey)
  An adder (D:2)
  A shadow imp (D:9)
  A swamp drake skeleton (Crypt:1)
  A jelly zombie (Crypt:1)
  An adder zombie (Crypt:1)
  17 orcs
  2 bats (D:1)
  An endoplasm (D:1)
  A giant cockroach (D:1)
  A goblin (D:2)
  3 hobgoblins
  A jackal (D:1)
  3 ball pythons
  A frilled lizard (D:2)
  8 kobolds
  A kobold skeleton (D:9)
  2 kobold zombies (D:9)
  4 rats
  An aspiring flesh (Zot:3)
  A spectral weapon (Zot:1)
  A tentacle (Shoals:2)
1112 creatures vanquished.

Vanquished Creatures (others)
  2 draconian monks (Zot:5)
  Aizul (Elf:3)
  A draconian scorcher (Zot:5)
  A vault warden (Vaults:1)
  A fire dragon (D:15)
  A deep elf high priest (Elf:3)
  A two-headed ogre (Zot:4)
  A deep elf pyromancer (Elf:2)
  A manticore (Shoals:3)
  An air elemental (Elf:1)
  A naga (Snake:1)
  77 snaplasher vines
  43 tentacles
132 creatures vanquished.

Grand Total: 2523 creatures vanquished

Notes
Turn   | Place    | Note
-------+----------+-------------------------------------------
     0 | D:1      | James the Merfolk Summoner began the quest for the Orb.
     0 | D:1      | Reached XP level 1. HP: 13/13 MP: 3/3
   184 | D:1      | Reached skill level 3 in Dodging
   185 | D:1      | Reached XP level 2. HP: 19/19 MP: 3/5
   267 | D:1      | Learned a level 2 spell: Call Imp
   412 | D:1      | Found Avoir's Antique Weapon Boutique.
   634 | D:1      | Reached XP level 3. HP: 25/25 MP: 3/6
   792 | D:1      | Learned a level 3 spell: Call Canine Familiar
   838 | D:1      | Reached skill level 1 in Fighting
  1231 | D:2      | Reached XP level 4. HP: 28/32 MP: 5/8
  1527 | D:1      | Bought an ebony trident for 144 gold pieces
  1527 | D:1      | Identified the +5 trident "Plog" {freeze, rElec Will+
                  | Int+3} (You bought it in a shop on level 1 of the Dungeon)
  1655 | D:3      | Found a runed translucent door.
  1656 | D:3      | Noticed Crazy Yiuf
  1879 | D:3      | Noticed Natasha
  2010 | D:2      | Killed Natasha
  2011 | D:2      | Reached skill level 5 in Summonings
  2011 | D:2      | Reached skill level 1 in Polearms
  2011 | D:2      | Reached XP level 5. HP: 31/37 MP: 5/9
  2166 | D:2      | Noticed Natasha
  2168 | D:2      | Killed Natasha
  2228 | D:2      | Noticed Natasha
  2234 | D:2      | Killed Natasha
  2665 | D:3      | Reached XP level 6. HP: 43/43 MP: 10/10
  3191 | D:4      | Reached skill level 5 in Polearms
  3402 | D:4      | Found Yhikhlav's Assorted Antiques.
  4396 | D:4      | Bought a cyan potion for 21 gold pieces
  4396 | D:4      | Bought a white potion for 21 gold pieces
  4396 | D:4      | Bought a sedimented black potion for 21 gold pieces
  4413 | D:5      | Entered Level 5 of the Dungeon
  4433 | D:5      | Found a broken altar of Ashenzari.
  4447 | D:5      | Reached XP level 7. HP: 48/48 MP: 11/11
  4618 | D:5      | Noticed Prince Ribbit
  4709 | D:5      | Noticed Dowan
  5697 | D:6      | Reached skill level 4 in Dodging
  5873 | D:6      | Found a runed translucent gate.
  5873 | D:6      | Found a runed translucent gate.
  5873 | D:6      | Found a runed translucent gate.
  5873 | D:6      | Noticed HourglassMan's ghost (novice HOMo)
  5993 | D:6      | Noticed a steam dragon
  5999 | D:6      | Killed a steam dragon
  6000 | D:6      | Reached skill level 5 in Dodging
  6000 | D:6      | Reached XP level 8. HP: 16/60 MP: 8/12
  6251 | D:6      | Found Qoucek's Weapon Shop.
  6536 | D:4      | Bought a shiny granite ring for 120 gold pieces
  6611 | D:3      | Killed Crazy Yiuf
  6612 | D:3      | Reached skill level 6 in Dodging
  6651 | D:3      | Identified the +5 hammer of the Seven Youths {flame, rElec
                  | Will++ Str+5}
  6653 | D:3      | Identified the +9 hammer "Efiocvos" {pain, rN+}
  6995 | D:7      | Found a hide-covered altar of Uskayaw.
  7045 | D:7      | Found a staircase to the Ecumenical Temple.
  7051 | Temple   | Entered the Ecumenical Temple
  7124 | Temple   | Became a worshipper of Elyvilon the Healer
  7270 | D:7      | Reached skill level 10 in Polearms
  7346 | D:7      | Found a glowing silver altar of Zin.
  7350 | D:7      | Found an iron altar of Okawaru.
  7353 | D:7      | Found an ancient bone altar of Kikubaaqudgha.
  7512 | D:7      | Reached XP level 9. HP: 64/65 MP: 13/13
  7519 | D:7      | Learned a level 4 spell: Summon Lightning Spire
  7740 | D:7      | Found a shimmering blue altar of Sif Muna.
  7957 | D:5      | Killed Prince Ribbit
  8019 | D:5      | Noticed Duvessa
  8043 | D:5      | Killed Duvessa
  8048 | D:5      | Killed Dowan
  8381 | D:8      | Reached * piety under Elyvilon
  8397 | D:8      | Identified the +0 spear of Mana {heavy, rCorr Dex+6 Stlth+}
  8561 | D:8      | Noticed Erica
  8583 | D:8      | Killed Erica
  8584 | D:8      | Reached XP level 10. HP: 23/71 MP: 10/14
  9223 | D:9      | Found a flagged portal.
  9234 | Bailey   | Entered a bailey
  9510 | Bailey   | Noticed a gargoyle
  9520 | Bailey   | Killed a gargoyle
  9747 | Bailey   | Identified the +0 ring mail "Gaifeg" {rElec rN+++ Dex-2
                  | SInv}
  9784 | Bailey   | Reached ** piety under Elyvilon
  9857 | Bailey   | Found the +3 pair of seven-league boots {Rampage+∞}
 10476 | D:9      | Reached skill level 1 in Armour
 10543 | D:9      | Identified the serpent talisman "Oqena" {rElec rCorr Int+2}
 10689 | D:9      | Reached skill level 5 in Fighting
 10689 | D:9      | Reached skill level 7 in Dodging
 10737 | D:9      | Noticed a kobold demonologist
 10741 | D:9      | Killed a kobold demonologist
 10749 | D:9      | Found an ancient bone altar of Kikubaaqudgha.
 10859 | D:10     | Entered Level 10 of the Dungeon
 10870 | D:10     | Reached skill level 8 in Dodging
 10872 | D:10     | Reached skill level 1 in Invocations
 11108 | D:10     | Noticed a gargoyle
 11126 | D:10     | Killed a gargoyle
 11127 | D:10     | Reached skill level 1 in Shields
 11127 | D:10     | Reached XP level 11. HP: 42/79 MP: 14/17
 11422 | D:10     | Found Luriquh's Armour Emporium.
 11422 | D:10     | Found a staircase to the Orcish Mines.
 11422 | D:10     | Found Saot's Weapon Emporium.
 11425 | D:10     | Reached *** piety under Elyvilon
 11530 | D:10     | HP: 1/79 [something (6)]
 11890 | D:10     | Reached skill level 5 in Shields
 12169 | D:11     | Noticed Grum
 12186 | D:11     | Killed Grum
 12240 | D:11     | Noticed Snorg
 12278 | D:11     | Killed Snorg
 12351 | D:11     | Found a staircase to the Lair.
 12407 | D:11     | Noticed a boulder beetle
 12842 | D:11     | Found a transporter.
 13114 | D:11     | Found a transporter.
 13143 | D:11     | Noticed a cyclops
 13157 | D:11     | Killed a cyclops
 13305 | Lair:1   | Entered Level 1 of the Lair of Beasts
 13307 | Lair:1   | Reached **** piety under Elyvilon
 13320 | Lair:1   | Reached XP level 12. HP: 87/87 MP: 13/18
 13675 | Lair:1   | Reached skill level 9 in Dodging
 13679 | Lair:1   | Reached skill level 5 in Invocations
 13870 | Lair:1   | Noticed Maggie
 14122 | Lair:1   | Noticed Urug
 14864 | Lair:2   | Reached ***** piety under Elyvilon
 14896 | Lair:2   | Reached skill level 10 in Dodging
 15167 | Lair:2   | Reached skill level 10 in Summonings
 15260 | Lair:2   | Found a staircase to the Snake Pit.
 16404 | Lair:3   | Reached XP level 13. HP: 72/96 MP: 19/19
 16941 | Lair:3   | HP: 2/96 [eight-headed hydra (4)]
 18106 | Lair:3   | Got the Catalogue of the Chilling Map
 18514 | Lair:3   | Found a staircase to the Shoals.
 18817 | Lair:3   | Reached skill level 10 in Shields
 19111 | D:6      | Killed HourglassMan's ghost
 19436 | Lair:1   | Killed Maggie
 19437 | Lair:1   | Reached skill level 5 in Air Magic
 19453 | Lair:1   | Killed Urug
 20122 | Lair:4   | Reached skill level 5 in Spellcasting
 20586 | Lair:4   | Reached XP level 14. HP: 97/103 MP: 14/22
 20882 | Lair:4   | Identified 2 scrolls of acquirement
 20882 | Lair:4   | Acquired 933 gold pieces
 20887 | Lair:5   | Entered Level 5 of the Lair of Beasts
 22512 | Lair:5   | Found a staircase to the Slime Pits.
 22726 | Lair:5   | Identified the +2 leather armour "Xujuuf" {Will- Str+7}
 22729 | Lair:5   | Reached ****** piety under Elyvilon
 23174 | Lair:5   | Reached skill level 11 in Dodging
 24018 | Lair:5   | Learned a level 6 spell: Summon Cactus Giant
 24555 | D:12     | Reached XP level 15. HP: 112/112 MP: 24/24
 24569 | D:12     | Learned a level 4 spell: Summon Blazeheart Golem
 25189 | D:12     | Was placed under penance by Elyvilon
 25348 | Orc:1    | Entered Level 1 of the Orcish Mines
 26215 | Orc:1    | Reached skill level 12 in Dodging
 26391 | Orc:2    | Entered Level 2 of the Orcish Mines
 26434 | Orc:2    | Found a staircase to the Elven Halls.
 26447 | Orc:2    | Was forgiven by Elyvilon
 26627 | Orc:2    | Found Purofe Baidi's Assorted Antiques.
 26637 | Orc:2    | Reached skill level 10 in Invocations
 26696 | Orc:2    | Bought a green potion for 27 gold pieces
 26753 | Orc:2    | Found a radiant altar of Vehumet.
 27434 | Orc:2    | Found Uqipt's Distillery.
 27434 | Orc:2    | Found Panaez's Weapon Shop.
 27438 | Orc:2    | Found Niom's Jewellery Shoppe.
 27438 | Orc:2    | Found Goriumaadgh's Distillery.
 27544 | Orc:2    | Acquired 482 gold pieces
 27555 | Orc:2    | Bought 2 potions of invisibility for 240 gold pieces
 28247 | D:13     | Found a gate to the Vaults.
 28356 | D:13     | Reached skill level 10 in Fighting
 29173 | D:14     | Found an iron altar of Okawaru.
 29198 | D:14     | Reached skill level 13 in Dodging
 29513 | D:14     | Noticed Kirke
 29564 | D:13     | Noticed a sphinx
 29572 | D:13     | Killed Kirke
 29829 | D:14     | Identified the +6 war axe of the Filigreed God {speed, rN+}
 29920 | D:14     | Noticed Frances
 29946 | D:14     | Killed Frances
 30566 | D:14     | Reached XP level 16. HP: 123/123 MP: 16/25
 30766 | D:15     | Entered Level 15 of the Dungeon
 31009 | D:15     | Found a burning altar of Makhleb.
 31784 | D:14     | Found an iron altar of Okawaru.
 32353 | D:15     | Paralysed by an ogre mage for 3 turns
 33728 | D:15     | Found a staircase to the Depths.
 33755 | D:15     | Reached skill level 1 in Fire Magic
 33915 | D:15     | Learned a level 5 spell: Summon Forest
 34159 | Snake:1  | Entered Level 1 of the Snake Pit
 34381 | Snake:1  | Reached skill level 14 in Dodging
 34682 | Snake:1  | Reached skill level 1 in Translocations
 34753 | Snake:1  | Elyvilon protects you from harm!
 34763 | Snake:1  | HP: 5/125 [naga mage/splash of poison (11)]
 36422 | Shoals:1 | Entered Level 1 of the Shoals
 38512 | Shoals:2 | Noticed a kraken
 38546 | Shoals:2 | Elyvilon protects you from harm!
 38961 | Shoals:2 | Noticed a kraken
 39021 | Shoals:2 | Killed a kraken
 39257 | Shoals:2 | Killed a kraken
 39564 | Shoals:3 | Found Fociz's Antique Weapon Boutique.
 39608 | Shoals:3 | Reached XP level 17. HP: 104/132 MP: 27/27
 39792 | Shoals:3 | Found Uttushre's Armour Shoppe.
 39840 | Shoals:3 | Bought the +7 steam dragon scales of Quick Leaves {rC++}
                  | for 1691 gold pieces
 40133 | Shoals:3 | Reached skill level 15 in Dodging
 40367 | Shoals:3 | Found Giluabaf's Distillery.
 40526 | Shoals:3 | Reached skill level 5 in Armour
 40526 | Shoals:3 | Reached XP level 18. HP: 140/140 MP: 28/28
 40530 | Shoals:3 | Found Hoheh's Jewellery Emporium.
 40607 | Shoals:3 | Found Eppetiypt's Antique Armour Boutique.
 40965 | Shoals:3 | Bought the ring "Gogh" {rN+ AC+4 Int+6} for 956 gold pieces
 40994 | Shoals:4 | Entered Level 4 of the Shoals
 41091 | Shoals:3 | Reached skill level 5 in Translocations
 42131 | Shoals:4 | Got a barnacled rune of Zot
 42971 | Shoals:4 | Noticed Polyphemus
 43620 | Shoals:4 | Killed Polyphemus
 44141 | Shoals:4 | Identified the +1 ring mail of Vehumet's Fury {rN+ Stlth+}
 44300 | Shoals:3 | Bought a shiny helmet for 247 gold pieces
 44337 | Shoals:3 | Bought the ring of Wasm {rPois rCorr} for 499 gold pieces
 45837 | Snake:2  | Reached XP level 19. HP: 146/146 MP: 27/31
 46853 | Snake:3  | Noticed Vashnia
 46968 | Snake:3  | Identified the +4 orcbow of the Gnat {heavy, ^Fragile
                  | Str+6}
 47085 | Snake:3  | Found Jyammag's Antique Armour Shop.
 47093 | Snake:3  | Bought a pair of embroidered gloves for 135 gold pieces
 47638 | Snake:3  | Killed Vashnia
 47850 | Snake:3  | Noticed Saint Roka
 47866 | Snake:3  | Killed Saint Roka
 48148 | Snake:3  | Learned a level 5 spell: Summon Mana Viper
 48160 | Snake:4  | Entered Level 4 of the Snake Pit
 48211 | Snake:4  | Reached skill level 1 in Hexes
 48344 | Snake:4  | Identified the +2 falchion "Plojy" {drain, Dex+3}
 49313 | Snake:4  | Reached skill level 15 in Shields
 49313 | Snake:4  | Reached skill level 15 in Summonings
 49357 | Snake:4  | Reached skill level 5 in Hexes
 49651 | Snake:4  | Identified the +8 sling "Sofal" {elec, Will++ Str-3 Int+2
                  | Stlth+}
 50006 | Snake:4  | Reached skill level 10 in Spellcasting
 50267 | Snake:4  | HP: 1/146 [salamander tyrant/flame surge (35)]
 50272 | Snake:4  | Elyvilon protects you from harm!
 50619 | Snake:4  | HP: 6/146 [salamander tyrant/flame surge (22)]
 50629 | Snake:4  | HP: 3/182 [salamander tyrant/flame surge (19)]
 50629 | Snake:4  | Elyvilon protects you from harm!
 50654 | Snake:4  | HP: 9/182 [salamander tyrant (9)]
 50673 | Snake:4  | HP: 3/182 [salamander tyrant (12)]
 50992 | Snake:4  | Got a serpentine rune of Zot
 51842 | Elf:1    | Entered Level 1 of the Elven Halls
 51851 | Elf:1    | Reached XP level 20. HP: 122/152 MP: 24/34
 52249 | Elf:1    | Noticed Louise
 53348 | Elf:1    | Killed Louise
 53423 | Elf:1    | Learned a level 7 spell: Monstrous Menagerie
 53559 | Elf:2    | Found Ingibb's Book Shop.
 53562 | Elf:2    | Found Fexues's Antique Armour Shop.
 53562 | Elf:2    | Found Vioqutt's Weapon Boutique.
 53568 | Elf:2    | Found Hucoymiv's Jewellery Boutique.
 53793 | Elf:2    | Found a huge runed translucent gate.
 53793 | Elf:2    | Found a huge runed translucent gate.
 53793 | Elf:2    | Found a huge runed translucent gate.
 53794 | Elf:2    | Found a huge runed translucent gate.
 53796 | Elf:2    | Found a huge runed translucent gate.
 55275 | Elf:3    | Entered Level 3 of the Elven Halls
 55306 | Elf:3    | Noticed Bai Suzhen
 55807 | Elf:3    | Identified the serpent talisman of Zealous Wonder {rN++
                  | rCorr Int+3}
 55807 | Elf:3    | Noticed Aizul
 55824 | Elf:3    | Killed Aizul
 55985 | Elf:3    | Found an ancient bone altar of Kikubaaqudgha.
 56181 | Elf:3    | Noticed a Brimstone Fiend
 56764 | Elf:3    | Noticed Zenata
 56797 | Elf:3    | HP: 9/185 [Zenata/a resonance strike (28)]
 56798 | Elf:3    | Elyvilon protects you from harm!
 57247 | Elf:3    | Killed Bai Suzhen
 57868 | Elf:2    | Killed Zenata
 58074 | Vaults:1 | Entered Level 1 of the Vaults
 58183 | Vaults:1 | Found a crumbling gateway.
 58361 | Desolati | Entered the Desolation of Salt
 58684 | Desolati | Identified the +1 robe of the Writhing Gods {Rampage Fly
                  | Dex+2 Stlth-}
 58965 | Desolati | Got the Omnibus of the Discharge
 59039 | Desolati | Got Vehumet's Tome of Arcane Weapons
 59131 | Desolati | Identified the amulet "Iddisch" {Faith ^Fragile rCorr Int+3
                  | Dex+5}
 59227 | Desolati | Got the Essays on the Chill
 59239 | Desolati | Identified the +1 halberd of the Freezing Puffin {vamp, rF+
                  | rC+}
 59255 | Desolati | Identified the ring "Norch" {Fly rF+ Slay+2}
 59275 | Desolati | Reached XP level 21. HP: 132/159 MP: 20/36
 59622 | Desolati | Identified the +1 troll leather armour of Archuil {rC++
                  | Regen+}
 59942 | Desolati | Identified the +0 trident "Jelly's Peril" {flame, Int+2}
 60335 | Desolati | Identified the +4 rapier of Twilight {heavy, Dex+2}
 60369 | Desolati | Identified the +4 great mace of World's End {vamp, rPois
                  | Str-4 Stlth+}
 62028 | Vaults:1 | Learned a level 7 spell: Summon Hydra
 62758 | Vaults:2 | Found a staircase to the Crypt.
 63541 | Vaults:2 | Identified the +6 scale mail of the Eternal Void {Will+}
 63550 | Vaults:2 | Found Cyhanaer's Weapon Shop.
 63840 | Vaults:3 | Paralysed by a formless jellyfish for 1 turns
 64251 | Vaults:3 | Reached XP level 22. HP: 156/165 MP: 30/38
 65045 | Vaults:3 | Identified the storm talisman of Kantua Voir {Str+2}
 65667 | Vaults:3 | Identified the +1 buckler "Ydechis" {rF- Str+9 Slay-3
                  | Stlth+}
 65815 | Vaults:3 | Reached skill level 16 in Dodging
 66683 | Vaults:4 | Found Yceis's Armour Shoppe.
 67108 | Vaults:4 | Identified the +5 scimitar "Ris Dun" {drain, rC+}
 67813 | Vaults:4 | Acquired 662 gold pieces
 67815 | Vaults:4 | Acquired 883 gold pieces
 68059 | Elf:2    | Bought a manual of Armour for 1360 gold pieces
 68480 | Elf:3    | Identified the +4 hand axe of Fotow {venom, ^Fragile rElec
                  | rCorr Stlth+}
 69061 | Elf:3    | Identified the +2 robe "Lyseci" {Harm rF+ rN+++ Slay-3}
 69226 | Elf:3    | Identified the +2 glaive of Diet Blood {venom, rN+ Will-
                  | rCorr}
 69338 | Elf:3    | Identified the ring "Dyimugos" {rF+ rC+}
 69495 | Elf:3    | Reached skill level 17 in Dodging
 69733 | Elf:3    | Learned a level 2 spell: Blink
 69904 | Elf:3    | Found an ancient bone altar of Kikubaaqudgha.
 70482 | Depths:1 | Entered Level 1 of the Depths
 70875 | Depths:1 | Reached XP level 23. HP: 177/177 MP: 15/39
 70900 | Depths:1 | Found a corrupted altar of Lugonu.
 71142 | Depths:1 | Found a one-way gate to the infinite horrors of the Abyss.
 71153 | Depths:1 | Found Xogyor's Weapon Emporium.
 71450 | Depths:1 | Found a gateway to Hell.
 71750 | Depths:1 | You are sucked into a shaft and drop 1 floor!
 71850 | Depths:2 | Found a one-way gate leading to the halls of Pandemonium.
 71903 | Depths:2 | Found a one-way gateway to a ziggurat.
 72256 | Depths:2 | Reached skill level 10 in Armour
 72257 | Depths:2 | Found an ancient bone altar of Kikubaaqudgha.
 72610 | Depths:2 | Reached skill level 18 in Dodging
 73467 | Depths:3 | Noticed Xtahua
 73492 | Depths:3 | Killed Xtahua
 73495 | Depths:3 | Identified the ring of the Gnashing Gods {Will- rCorr EV+5
                  | Slay+6 SInv}
 73495 | Depths:3 | Noticed Boris
 74108 | Depths:2 | Killed Boris
 75188 | Depths:3 | Noticed a golden dragon
 75200 | Depths:3 | Killed a golden dragon
 76929 | Depths:3 | Found a shimmering blue altar of Sif Muna.
 77334 | Depths:4 | Entered Level 4 of the Depths
 77350 | Depths:4 | Identified the staff "Bocowot" {rC+ Will- Int+4 Dex+4 Ice}
 77350 | Depths:4 | Identified the ring "Vuedoq" {Ice rN+++ Dex-5}
 77350 | Depths:4 | Noticed Josephina
 77647 | Depths:3 | Reached XP level 24. HP: 185/185 MP: 28/39
 77705 | Depths:4 | Killed Josephina
 77972 | Depths:4 | Noticed a juggernaut
 77987 | Depths:4 | Killed a juggernaut
 78868 | Depths:4 | Noticed a caustic shrike
 78868 | Depths:4 | Noticed a caustic shrike
 78870 | Depths:4 | Noticed a caustic shrike
 78883 | Depths:4 | Noticed a caustic shrike
 78884 | Depths:4 | Noticed a caustic shrike
 78888 | Depths:3 | Killed a caustic shrike
 78891 | Depths:3 | Killed a caustic shrike
 79070 | Depths:4 | Noticed a caustic shrike
 79086 | Depths:3 | Killed a caustic shrike
 79088 | Depths:3 | Killed a caustic shrike
 79092 | Depths:3 | Killed a caustic shrike
 79217 | Depths:4 | Noticed Sojobo
 79221 | Depths:4 | Killed a caustic shrike
 79227 | Depths:4 | Paralysed by an air elemental for 1 turns
 79643 | Depths:4 | Paralysed by an air elemental for 1 turns
 80242 | Depths:4 | Killed Sojobo
 81243 | Depths:4 | Found a gate to the Realm of Zot.
 81375 | Depths:4 | Acquired 1279 gold pieces
 81760 | Shoals:3 | Bought a potion of experience for 850 gold pieces
 81760 | Shoals:3 | Reached XP level 25. HP: 193/193 MP: 39/39
 82075 | Vaults:5 | Entered Level 5 of the Vaults
 82143 | Vaults:5 | Reached skill level 15 in Fighting
 83653 | Vaults:5 | Reached skill level 15 in Polearms
 83692 | Vaults:5 | Reached XP level 26. HP: 201/201 MP: 30/41
 84016 | Vaults:5 | Identified the +1 halberd "Kennol" {flame, rF+}
 84092 | Vaults:5 | Noticed a dread lich
 84104 | Vaults:5 | Killed a dread lich
 84791 | Vaults:5 | Identified the ring of Temptation {Fire Slay+3}
 84934 | Vaults:5 | Identified the +7 battleaxe "Oqeemihu" {spect, *Corrode
                  | Int+7}
 85033 | Vaults:5 | Got the Octavo of Curses
 85283 | Vaults:5 | Got a silver rune of Zot
 86561 | Crypt:1  | Entered Level 1 of the Crypt
 87522 | Crypt:1  | You are sucked into a shaft and drop 1 floor!
 90030 | Crypt:3  | Entered Level 3 of the Crypt
 90882 | Crypt:3  | Found a staircase to the Tomb.
 91427 | Crypt:3  | Reached XP level 27. HP: 218/218 MP: 34/41
 92448 | Crypt:3  | Noticed an ancient lich
 92463 | Crypt:3  | Killed an ancient lich
 92563 | Crypt:3  | Found a runed translucent gate.
 92563 | Crypt:3  | Found a runed translucent gate.
 92563 | Crypt:3  | Found a runed translucent gate.
 92564 | Crypt:3  | Noticed Ciwiv's ghost (veteran FoFi)
 92565 | Crypt:3  | Identified the +1 robe of the Raven {Harm rPois Will-
                  | rCorr}
 92568 | Crypt:3  | Found an iron altar of Okawaru.
 92671 | Crypt:3  | Found an ancient bone altar of Kikubaaqudgha.
 93371 | Crypt:3  | Identified the ring of Vagiss {Wiz rF- Will++ rCorr}
 93441 | Crypt:3  | Noticed an ancient lich
 93453 | Crypt:3  | Killed an ancient lich
 93461 | Crypt:3  | Identified the +1 cloak "Ipianapn" {Int+2}
 93994 | Crypt:3  | Found an ancient bone altar of Kikubaaqudgha.
 94390 | Crypt:3  | Found a runed translucent gate.
 94390 | Crypt:3  | Found a runed translucent gate.
 94391 | Crypt:3  | Found a runed translucent gate.
 94392 | Crypt:3  | Found an iron altar of Okawaru.
 94424 | Crypt:3  | Found a staircase to the Tomb.
 94959 | Zot:1    | Entered Level 1 of the Realm of Zot
 97023 | Zot:1    | Reached skill level 19 in Dodging
 97590 | Zot:1    | Noticed an ancient lich
 97615 | Zot:1    | Killed an ancient lich
 98219 | Zot:2    | Reached skill level 20 in Dodging
 98668 | Zot:2    | Found a transporter.
 98668 | Zot:2    | Found a transporter.
 99198 | Zot:2    | Found a transporter.
 99200 | Zot:2    | Found a transporter.
 99205 | Zot:2    | Identified the ring of Dishonour {Wiz rCorr Str+4}
 99207 | Zot:2    | Found a transporter.
 99897 | Zot:3    | Reached skill level 21 in Dodging
101417 | Zot:3    | Reached skill level 22 in Dodging
101486 | Zot:3    | Identified the +1 dagger of the End of Times {holy, Will+
                  | MP+9 Stlth+}
101865 | Zot:3    | Identified the +8 glaive "Biefredu" {pain, ^Drain rN+++
                  | Str+4 Dex+3}
103038 | Zot:4    | Identified the +6 sling "Yxiecom" {freeze, Will+ Dex+2}
103289 | Zot:4    | Gained mutation: Your body sometimes deteriorates upon
                  | taking damage. [mutagenic glow]
103300 | Zot:4    | Gained mutation: Your magical capacity is low. (-10% MP)
                  | [mutagenic glow]
104079 | Zot:5    | Entered Level 5 of the Realm of Zot
104627 | Zot:5    | Found a transporter.
104636 | Zot:5    | Identified the +2 robe of Negligence {*Corrode Str+3
                  | Stlth+}
104734 | Zot:5    | Identified the +4 hand axe "Dragon's Tongue" {freeze,
                  | *Corrode rC- Will++ Str+9}
104735 | Zot:5    | Noticed dvd2's ghost (veteran SpDe)
104740 | Zot:5    | Found a bloodstained altar of Trog.
104742 | Zot:5    | Identified the +1 cloak of Russucs {rPois Str+4}
104743 | Zot:5    | Identified the +2 cloak "Nolehiec" {Harm *Slow rN+}
104765 | Zot:5    | Found a transporter.
104815 | Zot:5    | Identified the +1 pair of boots of the Okapi {-Tele Int+8}
105397 | Zot:5    | Found a transporter.
105400 | Zot:5    | Found a transporter.
105422 | Zot:5    | Found a bloodstained altar of Trog.
105678 | Zot:5    | Noticed a dread lich
105701 | Zot:5    | Killed a dread lich
105774 | Zot:5    | Noticed a dread lich
105813 | Zot:5    | Killed a dread lich
105852 | Zot:4    | Lost mutation: Your magical capacity is low. (-10% MP)
                  | [potion of mutation]
105852 | Zot:4    | Lost mutation: Your body sometimes deteriorates upon taking
                  | damage. [potion of mutation]
105852 | Zot:4    | Gained mutation: You are somewhat resistant to further
                  | mutation. [potion of mutation]
106032 | Zot:5    | Noticed an orb of fire
106054 | Zot:5    | Gained mutation: You have an increased reservoir of magic.
                  | (+10% MP) [an orb of fire]
106063 | Zot:5    | Gained mutation: You do not regenerate when monsters are
                  | visible. [an orb of fire]
106284 | Zot:5    | Noticed an orb of fire
106308 | Zot:4    | Killed an orb of fire
106609 | Zot:4    | Killed an orb of fire
107699 | Zot:5    | Reached skill level 15 in Invocations
108089 | Zot:5    | Found a transporter.
108097 | Zot:5    | Found a transporter.
108118 | Zot:5    | Found a bloodstained altar of Trog.
108502 | Zot:5    | Reached skill level 23 in Dodging
108727 | Zot:5    | Noticed an orb of fire
108783 | Zot:5    | Gained mutation: Potions are less effective at restoring
                  | your health. [an orb of fire]
109152 | Zot:5    | Lost mutation: You are somewhat resistant to further
                  | mutation. [an orb of fire]
109158 | Zot:5    | Gained mutation: You occasionally lose the ability to read
                  | scrolls when taking damage. [an orb of fire]
109166 | Zot:5    | Killed an orb of fire
110241 | Zot:5    | Found a transporter.
110250 | Zot:5    | Found a bloodstained altar of Trog.
110263 | Zot:5    | Found a transporter.
110617 | Zot:5    | Lost mutation: You do not regenerate when monsters are
                  | visible. [potion of mutation]
110617 | Zot:5    | Lost mutation: Potions are less effective at restoring your
                  | health. [potion of mutation]
110617 | Zot:5    | Gained mutation: You have a somewhat thin skeletal
                  | structure. (Dex +2, Stealth+) [potion of mutation]
110617 | Zot:5    | Gained mutation: Your system is resistant to poisons.
                  | (rPois) [potion of mutation]
110617 | Zot:5    | Gained mutation: You are robust. (+10% HP) [potion of
                  | mutation]
110618 | Zot:5    | Lost mutation: You occasionally lose the ability to read
                  | scrolls when taking damage. [potion of mutation]
110618 | Zot:5    | Lost mutation: You are robust. (+10% HP) [potion of
                  | mutation]
110618 | Zot:5    | Lost mutation: You have a somewhat thin skeletal structure.
                  | (Dex +2, Stealth+) [potion of mutation]
110618 | Zot:5    | Gained mutation: You sometimes lose your temper in combat.
                  | [potion of mutation]
110618 | Zot:5    | Gained mutation: Your spells are a little easier to cast,
                  | but a little less powerful. [potion of mutation]
110618 | Zot:5    | Gained mutation: Your muscles are strong. (Str +4, Int/Dex
                  | -1) [potion of mutation]
110619 | Zot:5    | Lost mutation: Your system is resistant to poisons. (rPois)
                  | [potion of mutation]
110619 | Zot:5    | Lost mutation: Your muscles are strong. (Str +4, Int/Dex
                  | -1) [potion of mutation]
110619 | Zot:5    | Lost mutation: You sometimes lose your temper in combat.
                  | [potion of mutation]
110619 | Zot:5    | Gained mutation: You are partially covered in iridescent
                  | scales. (AC +2) [potion of mutation]
110620 | Zot:5    | Lost mutation: You have an increased reservoir of magic.
                  | (+10% MP) [potion of mutation]
110620 | Zot:5    | Lost mutation: Your spells are a little easier to cast, but
                  | a little less powerful. [potion of mutation]
110620 | Zot:5    | Gained mutation: You expend magic power (3 MP) to
                  | strengthen your wands. [potion of mutation]
110620 | Zot:5    | Gained mutation: Your spells are a little harder to cast,
                  | but a little more powerful. [potion of mutation]
110625 | Zot:5    | Got the Orb of Zot
110765 | Depths:4 | Noticed Faaklisu the pandemonium lord
111155 | D:2      | Noticed a seraph
111230 | D:$      | Escaped with the Orb!

Illustrated notes

Levels and vault maps discovered:
D:1:      amcnicky_arrival_double_pillar, layout_rooms, serial_shops, shop
D:2:      layout_rooms, moated_statue, minmay_pentomino_r4
D:3:      layout_loops_cross, serial_aquarium, aquarium_bridge_square
          [aquarium_subvault_wall, aquarium_subvault_window,
          aquarium_subvault_bridge, aquarium_subvault_wall], aquarium_window_1,
          aquarium_window_fake, aquarium_window_1, aquarium_view_2d,
          kennysheep_path_1, uniq_natasha, uniq_crazy_yiuf_cottage
D:4:      layout_basic, serial_shops, nicolae_shop_tiny_glass,
          minmay_large_rounded_square, chequers_serial_rivers_small_a,
          minmay_strange_pillars, minmay_misc_feat_doors, minmay_statues_item,
          minmay_misc_feat_diagonals, dk_noncrumbling_4, kennysheep_donut,
          hex_tiny
D:5:      layout_gridville, mainiacjoe_overflow_cross_hatched,
          uniq_prince_ribbit1, uniq_duvessa
D:6:      nicolae_cairo_tiling_large_dashed, layout_loops_corners,
          gammafunk_ghost_necromancy, serial_shops, nicolae_shop_peninsula,
          dk_vineyard_3
D:7:      layout_loops_ring, tgw_sif, nicolae_uskayaw_murder_on_the_dancefloor,
          minmay_overflow_temple_star_quad, minmay_temple_entry_nine_rooms
D:8:      layout_basic, grunt_ministairs_9, uniq_erica
D:9:      wander_kiku_kobolds, layout_basic, enter_bailey_2
D:10:     layout_loops_corners, orc_david_3, hex_large, minmay_misc_feat_five,
          minmay_curled_crystal, centaur_isle
D:11:     gammafunk_worm_tunnel, layout_rooms, due_lair_maze_entry_diamond,
          uniq_grum, uniq_snorg
D:12:     layout_cave_pools
D:13:     layout_cave_pools, david_vaults_1, billiards_dpeg
D:14:     layout_long_grid, okawaru_ov_weapons_minmay, uniq_frances, uniq_kirke
D:15:     gammafunk_enter_depths_forms, layout_cave_pools, bloody_makhleb
Temple:   minmay_temple_bridge_d
Lair:1:   layout_gridlike, uniq_urug, uniq_maggie
Lair:2:   layout_regular_city, minmay_snake_entry_spellcaster,
          minmay_hedge_maze, beast_lair_carwin_8
Lair:3:   layout_cave_pods, mainiacjoe_shoals_entry_four_pools,
          minmay_shattered_shrine, grunt_megastairs_2
Lair:4:   layout_misc_corridors, minivault_25,
          grunt_forest_small_clearing_treed, infiniplex_staircase_pool
Lair:5:   evilmike_catoblepas_cave, layout_regular_city,
          minmay_slime_entry_oklob_open
Shoals:1: layout_shoals
Shoals:2: layout_shoals
Shoals:3: layout_shoals, serial_shops, nicolae_shop_rolling_square, shop,
          nicolae_shop_industrial_runoff, shop, nicolae_shop_statue_plus
Shoals:4: shoals_end_grunt_ice, layout_shoals, nzn_prometheus_bound,
          uniq_polyphemus
Snake:1:  layout_layer_cave
Snake:2:  layout_basic, serial_library_hellmonk_secret_room,
          guppyfry_library_mini
Snake:3:  layout_honeycomb, serial_shops, shop, uniq_saint_roka, uniq_vashnia
Snake:4:  grunt_snake_rune_pools, layout_misc_corridors,
          beargit_elvish_explorers
Orc:1:    layout_caves
Orc:2:    st_orc_elflike, layout_diamond_mine, basic_altar, serial_shops, shop,
          nicolae_orc_sculptors_studio
Elf:1:    minmay_elf_arrival_circle, layout_loops_ring, hangedman_elf_disciples,
          wad_floor_pattern_untrapped, uniq_louise
Elf:2:    elven_hall_of_blades_hangedman_alternative
          [nicolae_blade_entry_hurt_lockers], layout_geoelf_diagonals,
          minmay_shoptagon
Elf:3:    grunt_elf_hall_asides, layout_geoelf_grid, basic_altar,
          corexii_hall_statues_i, uniq_aizul, uniq_zenata, uniq_bai_suzhen
Vaults:1: portal_desolation_entry_twin_temple, vaults_room_door_hall,
          nicolae_vaults_yaktaur_gun_rack, nicolae_vaults_offset_grid_hallway_4,
          nicolae_vaults_frosty_reception, v_misc_15,
          nicolae_vaults_double_plus_1, layout_vaults_chaotic_city
Vaults:2: minmay_crypt_entry_simple_walls, st_lattice,
          nicolae_vaults_network_square, nicolae_vaults_storage_closets_1,
          nicolae_vaults_ninety_degrees, v_misc_19, vaults_mumra_hexcomb,
          nicolae_vaults_circle_grid_a, nicolae_vaults_asterisk,
          vaults_room_stairs_pillars, nicolae_vaults_tetromino_Z_2,
          nicolae_vaults_trapezoid_lopsided_1, layout_vaults_omnicross,
          serial_shops, nicolae_lakefront_shop
Vaults:3: nicolae_vaults_big_ls, ontoclasm_vaults_spin,
          nicolae_vaults_security_offices_6, hangedman_vaults_river_flow,
          vaults_dpeg_encased_lava, v_alt_pattern_6, vaults_standard_mumra_x,
          vaults_mumra_lcd, nicolae_vaults_doubleplus_tesselated,
          nicolae_vaults_apartment_1, layout_vaults_ring
Vaults:4: v_alt_pattern_4, v_misc_32, v_misc_1, nicolae_vaults_diamond_2,
          nicolae_vaults_trapezoid_3, nicolae_vaults_offset_grid_hallway_3,
          vaults_room_door_hall, layout_vaults_omnigrid, serial_shops,
          nicolae_shop_mannequins
Vaults:5
Crypt:1:  layout_chaotic_city
Crypt:2:  layout_chaotic_city
Crypt:3:  church_of_pain_bobbens, layout_chaotic_city,
          gammafunk_ghost_fury_of_okawaru
Depths:1: layout_cave_pools, serial_shops, nicolae_shop_tiny_real_fake_doors,
          chequers_serial_rivers_micro_b, grunt_metal_band,
          abyss_entry_flame_altar, serial_bayou_pond_d, drop_trap,
          nicolae_figureground_sparkle
Depths:2: minmay_inner_zag, layout_cave_shapes, enter_ziggurat_f, abyss_entry,
          grunt_hell_entry_dis_old, nicolae_kikubaaqudgha_miasma_corner,
          grunt_pan_entry_zigzag, uniq_grunn
Depths:3: minmay_crystal_thing, layout_basic, hell_entry,
          chequers_serial_rivers_micro_e, abyss_entry_glasseish,
          serial_bayou_shore_b, grunt_megastairs_4, uniq_xtahua, uniq_boris,
          uniq_margery
Depths:4: evilmike_zot_entry_gauntlet, layout_cave_shapes,
          pf_hell_entry_tar_spiral, grunt_decor_mini_mirrors, abyss_entry,
          rand_demon_pan_entry_9, st_stairs_6, uniq_sojobo, uniq_josephina
Zot:1:    ebering_klown_carousel, layout_basic, skrybe_zot_glass_3
Zot:2:    gammafunk_the_bubble [the_bubble_gammafunk_roulette],
          layout_cathedral_of_symmetry
Zot:3:    layout_gridlike
Zot:4:    layout_basic, nicolae_zig_zag_zippers
Zot:5:    layout_gridville, gammafunk_ghost_wrathful_warriors

Skill      XL: |  1  2  3  4  5  6  7  8  9 10 11 12 13 14 15 16 17 18 19 20 21 22 23 24 25 26 27 |
---------------+----------------------------------------------------------------------------------+-----
Dodging        | 3 5 6 8 10 11 13 14 15 17 18 23 | 23.1
Stealth        | 3 |  3.0
Fighting       | 1 3 4 5 7 8 10 11 12 13 14 15 18 22 | 22.8
Spellcasting   | 3 4 5 6 7 8 10 11 12 14 | 14.9
Summonings     | 5 8 10 12 13 15 17 20 21 | 21.4
Polearms       | 1 4 6 8 10 14 15 18 | 18.0
Air Magic      | 3 4 5 6 7 8 |  8.0
Armour         | 2 3 5 8 10 12 | 12.0
Invocations    | 2 4 7 8 9 11 12 13 14 15 | 15.3
Shields        | 1 7 10 12 13 15 16 19 20 21 | 21.7
Fire Magic     | 2 |  2.0
Translocations | 4 6 7 8 9 |  9.4
Hexes          | 5 |  5.0

Action                     |  1- 3 |  4- 6 |  7- 9 | 10-12 | 13-15 | 16-18 | 19-21 | 22-24 | 25-27 || total
---------------------------+-------+-------+-------+-------+-------+-------+-------+-------+-------++-------
  Melee: Unarmed           |     9 |       |       |       |       |       |       |       |       ||     9
         Dagger            |    69 |       |       |       |       |       |       |       |       ||    69
         Short sword       |    17 |    15 |       |       |       |       |       |       |       ||    32
         Trident           |       |   128 |   193 |   812 |  1358 |  1422 |  2177 |  1436 |  3050 || 10576
         Tailslap          |       |       |       |       |    21 |    74 |    19 |       |       ||   114
   Fire: Sling             |       |       |       |       |       |       |     5 |       |       ||     5
   Cast: Summon Small Mamm |    15 |     1 |       |       |       |       |       |       |       ||    16
         Call Imp          |    12 |     4 |     2 |       |       |       |       |       |       ||    18
         Call Canine Famil |       |     5 |     9 |     8 |     9 |     7 |     2 |       |       ||    40
         Summon Lightning  |       |       |     1 |    38 |   119 |   103 |    66 |     8 |     2 ||   337
         Summon Cactus Gia |       |       |       |       |    17 |    20 |    21 |       |       ||    58
         Summon Blazeheart |       |       |       |       |     4 |     2 |     1 |       |       ||     7
         Summon Forest     |       |       |       |       |       |    22 |    51 |    50 |    65 ||   188
         Summon Mana Viper |       |       |       |       |       |       |    41 |    77 |   155 ||   273
         Monstrous Menager |       |       |       |       |       |       |     8 |    15 |    72 ||    95
         Summon Hydra      |       |       |       |       |       |       |    12 |   130 |   228 ||   370
 Invoke: Heal Self         |       |       |       |     1 |     2 |     4 |    11 |       |     3 ||    21
         Purification      |       |       |       |       |       |     4 |     1 |       |       ||     5
         Divine Vigour     |       |       |       |       |       |       |     2 |       |     1 ||     3
  Evoke: Wand              |       |       |       |       |     2 |     1 |       |     3 |     1 ||     7
    Use: Scroll            |       |     8 |     3 |    11 |     6 |     5 |    10 |     9 |     8 ||    60
         Potion            |       |       |     5 |     1 |       |     5 |     4 |     1 |    11 ||    27
   Stab: Sleeping          |     3 |       |     4 |     5 |     4 |     4 |     6 |     1 |     3 ||    30
         Distracted        |       |     1 |       |    11 |    37 |    39 |    64 |    57 |   103 ||   312
         Paralysed         |       |       |       |       |     1 |       |       |       |     2 ||     3
 Armour: Robe              |    51 |    61 |    20 |       |       |       |       |       |       ||   132
         Steam dragon scal |       |       |    36 |   255 |   444 |   478 |   741 |   616 |   781 ||  3351
         Skin              |       |       |     9 |       |       |       |       |       |       ||     9
  Dodge: Dodged            |    80 |    80 |    58 |   301 |   426 |   528 |   644 |   466 |   695 ||  3278
  Block: Buckler           |       |       |       |   159 |       |       |       |       |       ||   159
         Reflection        |       |       |       |     6 |    17 |    82 |   111 |    58 |    66 ||   340
         Kite shield       |       |       |       |    65 |   866 |   991 |  1585 |   285 |       ||  3792
         Tower shield      |       |       |       |       |       |       |       |  1303 |  3613 ||  4916
